 Dungeon Crawl Stone Soup version 0.13-a0-3104-gb5885e9 (webtiles) character file.

326 Malachi the Skirmisher (level 5, -3/40 HPs)
             Began as a Mummy Abyssal Knight on Sept 19, 2013.
             Was an Elder of Lugonu.
             Slain by Sigmund
             ... wielding a +2,+7 anti-magic scythe
              (11 damage)
             ... on Level 4 of the Dungeon.
             The game lasted 00:07:04 (4059 turns).

Malachi the Skirmisher (Mummy Abyssal Knight)       Turns: 4059, Time: 00:07:04

HP  -3/40        AC  6     Str 16      XL: 5   Next: 35%
MP   2/6         EV 10     Int 11      God: Lugonu [****..]
Gold 143         SH  0     Dex 11      Spells:  0 memorised,  4 levels left

Res.Fire  : x . .   See Invis. : .   a - +2 spear {=f}
Res.Cold  : + . .   Warding    : .   m - +0 ring mail
Life Prot.: + + +   Conserve   : .   (no shield)
Res.Poison: +       Res.Corr.  : .   (no helmet)
Res.Elec. : .       Clarity    : .   (no cloak)
Sust.Abil.: . .     Spirit.Shd : .   (no gloves)
Res.Mut.  : .       Stasis     : .   l - +0 pair of boots
Res.Rott. : +       Flight     : .   (no amulet)
Saprovore : . . .                    (no ring)
                                     (no ring)

@: slightly resistant to hostile enchantments, very unstealthy
A: no food or potions, fire vulnerability, restore body, cold resistance 1, life
protection 3, poison resistance, torment resistance, unbreathing
a: Depart the Abyss, Bend Space, Banish, Corrupt, Renounce Religion


You were on level 4 of the Dungeon.
You worshipped Lugonu.
Lugonu was extremely pleased with you.
You were not hungry.

You visited 1 branch of the dungeon, and saw 4 of its levels.
You visited the Abyss 1 time.

You collected 123 gold pieces.

Inventory:

Hand weapons
 a - a +2,+2 spear (weapon) {=f}
 d - a +1,+2 dagger of venom (quivered)
Armour
 b - a +0 leather armour
 l - a +0 pair of boots (worn)
 m - a +0 ring mail (worn)
Scrolls
 c - a scroll of noise {unknown}
 e - 3 scrolls of random uselessness {unknown}
 g - 4 scrolls of identify {unknown}
 h - a scroll of curse armour {unknown}
 i - a scroll of magic mapping {unknown}
 j - 2 scrolls of curse jewellery {unknown}
 k - a scroll of fog {unknown}
Jewellery
 f - an uncursed ring of positive energy {unknown}


   Skills:
 + Level 3.6 Fighting
 + Level 2.5 Polearms
 + Level 2.4 Armour
 + Level 2.3 Dodging
 + Level 0.6 Stealth
 + Level 2.1 Invocations


You had 4 spell levels left.
You didn't know any spells.

Dungeon Overview and Level Annotations

Branches:
Dungeon (4/27)
 Temple: D:4-7

Altars:
Nemelex Xobeh

Annotations:
D:4 Sigmund


Innate Abilities, Weirdness & Mutations

You do not eat or drink.
Your flesh is vulnerable to fire.
Your flesh is cold resistant.
You are immune to negative energy.
Your system is resistant to poisons.
You are immune to unholy pain and torment.
You can survive without breathing.


Message History

You feel your power leaking away.
You miss it. You hit it. It hits you!
You completely miss it. The giant newt barely misses you. It hits you.
You hit it. The giant newt barely misses you.
You barely miss it.
You hear some strange, mumbled words.
The puff of flame hits you! The fire burns you terribly!
One of your 2 scrolls labeled BEITENGAMI catches fire!
* * * LOW HITPOINT WARNING * * *
The giant newt closely misses you. It hits you but does no damage.
The giant newt bites you but does no damage.
It hits you but does no damage.
The giant newt bites you but does no damage.
The giant newt bites you but does no damage.
The giant newt barely misses you. The giant newt barely misses you.
The giant newt barely misses you. It hits you!
You die...

...........).........
.........###<#######
#.#######.# ###
#.........#########
############..........
...(.......#.#########
###
##########'#'#.......#
#.# #.....#l####.####.#
#.....@...........#
#.....#.####.####.#
#.....#.# #.# #.#
#.....#.# #.# #.#
#.....#.# #.# #.#
#.....#.# #.# #.#
#.....#.# #.# #.# ###
#.!...#.####.####.#....
#.....#.#..............


You could see a giant newt.

Vanquished Creatures
  7 adders
  2 worms
  5 giant geckos
  2 oozes (D:2)
  8 orcs (D:3)
  8 bats
  11 hobgoblins
  4 jackals (D:1)
  3 quokkas
  2 ball pythons (D:2)
  3 giant cockroaches
  3 giant newts
  14 goblins
  8 kobolds
  A kobold skeleton (D:3)
  11 rats
92 creatures vanquished.

Notes
Turn   | Place    | Note
--------------------------------------------------------------
     0 | Abyss:1  | Malachi, the Mummy Abyssal Knight, began the quest for the Orb.
     0 | Abyss:1  | Reached XP level 1. HP: 16/16 MP: 1/1
    29 | Abyss:1  | Noticed an efreet
    30 | D:1      | Escaped the Abyss
    42 | D:1      | Noticed a giant goldfish
   120 | D:1      | Acquired Lugonu's first power
   299 | D:1      | Reached XP level 2. HP: 11/22 MP: 2/2
   579 | D:1      | Reached skill level 1 in Dodging
   995 | D:1      | Reached XP level 3. HP: 28/28 MP: 3/3
  1196 | D:2      | Acquired Lugonu's second power
  1999 | D:2      | Found a sparkling altar of Nemelex Xobeh.
  2068 | D:2      | Reached XP level 4. HP: 29/34 MP: 5/5
  2521 | D:2      | Acquired Lugonu's third power
  3111 | D:3      | Reached XP level 5. HP: 29/40 MP: 6/6
  3394 | D:3      | Acquired Lugonu's fourth power
  4024 | D:4      | Noticed Sigmund
  4059 | D:4      | Slain by Sigmund

Action                   |  1- 3 |  4- 6 || total
-------------------------+-------+-------++-------
Melee: Spear             |   190 |   230 ||   420
Invok: Depart the Abyss  |     1 |       ||     1
       Bend Space        |     2 |       ||     2
